 Dungeon Crawl Stone Soup version 0.28-a0-1387-g3a22ab9bdc (webtiles) character file.

Game seed: 7890161753736059799

56 tilp the Magician (level 3, 0/26 HPs)
             Began as a Gnoll Hedge Wizard on Jan 2, 2022.
             Killed from afar by Sigmund (10 damage)
             ... with a puff of flame
             ... on level 2 of the Dungeon.
             The game lasted 00:03:50 (2216 turns).

tilp the Magician (Gnoll Hedge Wizard)              Turns: 2216, Time: 00:03:50

Health: 0/26       AC:  6    Str:  9    XL:     3   Next: 97%
Magic:  7/11       EV: 11    Int: 15    God:
Gold:   17         SH:  0    Dex: 11    Spells: 10/16 levels left

rFire   . . .      SeeInvis .   b - +0 spear
rCold   . . .      Faith    .   (no shield)
rNeg    . . .      Spirit   .   d - +0 ring mail
rPois   .          Reflect  .   c - +0 hat
rElec   .          Harm     .   (no cloak)
rCorr   .          Rampage  .   (no gloves)
Will    .....                   g - +0 pair of boots
Stlth   ++........              (no amulet)
HPRegen 0.08/turn               (no ring)
MPRegen 0.12/turn               (no ring)

@: no status effects
A: fangs 1, strong nose, distributed training
a: no special abilities


You were on level 2 of the Dungeon.
You visited 1 branch of the dungeon, and saw 2 of its levels.

You collected 17 gold pieces.

Inventory:

Hand Weapons
 a - a +0 dagger
 b - a +0 spear (weapon)
 k - a +0 mace
Armour
 c - a +0 hat (worn)
 d - a +0 ring mail (worn)
 e - a +0 chain mail
 f - a +0 robe
 g - a +0 pair of boots (worn)
Wands
 l - a wand of flame (11)
Scrolls
 h - 2 scrolls of noise {unknown}
 i - a scroll of brand weapon {unknown}
 j - a scroll of teleportation {unknown}


   Skills:
 + Level 1.0 Fighting
 + Level 1.0 Short Blades
 + Level 1.0 Long Blades
 + Level 1.0 Axes
 + Level 1.0 Maces & Flails
 + Level 1.0 Polearms
 + Level 1.0 Staves
 + Level 1.0 Slings
 + Level 1.0 Bows
 + Level 1.0 Crossbows
 + Level 1.0 Throwing
 + Level 1.0 Armour
 + Level 4.6 Dodging
 + Level 4.2 Stealth
 + Level 1.0 Shields
 + Level 1.0 Unarmed Combat
 + Level 7.2 Spellcasting
 + Level 2.2 Conjurations
 + Level 0.7 Hexes
 + Level 2.2 Summonings
 + Level 0.7 Necromancy
 + Level 2.2 Translocations
 + Level 0.7 Transmutations
 + Level 0.7 Fire Magic
 + Level 0.7 Ice Magic
 + Level 0.7 Air Magic
 + Level 0.7 Earth Magic
 + Level 0.7 Poison Magic
 + Level 1.1 Invocations
 + Level 1.0 Evocations


You had 10 spell levels left.
You knew the following spells:

 Your Spells              Type           Power      Damage    Failure   Level
a - Magic Dart            Conj           48%        1d5       14%         1
b - Slow                  Hex            28%        N/A       26%         1
c - Blink                 Tloc           24%        N/A       22%         2
d - Call Imp              Summ           12%        N/A       22%         2

Your spell library contained the following spells:

 Spells                   Type           Power      Damage    Failure   Level
 Conjure Flame            Conj/Fire      9%         6-21      52%         3
 Mephitic Cloud           Conj/Pois/Air  9%         N/A       54%         3


Dungeon Overview and Level Annotations

Branches:
Dungeon (2/15)

Altars:

Annotations:
D:2 Sigmund, Terence


Innate Abilities, Weirdness & Mutations

You have very sharp teeth.
Your uncanny sense of smell can sniff out nearby items.
Your experience applies equally to all skills.


Message History

Aim: Terence, wielding a +0 flail and wearing a +0 chain mail (lightly wounded, slow, 100% to hit)
The magic dart hits Terence but does no damage.
Terence is lightly wounded.
Unknown command.
Casting: Magic Dart (safe; 14% risk of failure)
Confirm with . or Enter, or press ? or * to list all spells.
Aiming: Magic Dart (safe; 14% risk of failure)
Press: ? - help, Shift-Dir - straight line, f/p - Terence
Aim: Terence, wielding a +0 flail and wearing a +0 chain mail (lightly wounded, slow, 100% to hit)
The magic dart hits Terence but does no damage.
Terence is lightly wounded.
You reach to attack!
You hit Terence but do no damage.
Terence is lightly wounded.
Sigmund shouts!
You hit Terence but do no damage.
Terence is lightly wounded.
Terence misses you.
You hit Terence but do no damage.
Terence is lightly wounded.
You hit Terence but do no damage.
Terence is lightly wounded.
The frilled lizard barely misses you. Terence hits you with a +0 flail.
Sigmund flickers, as though insubstantial.
Terence is no longer moving slowly.
The frilled lizard bites you. Terence hits you but does no damage.
Your magical contamination has completely faded away.
The frilled lizard barely misses you. Terence hits you with a +0 flail.
Sigmund completely misses you. Terence hits you with a +0 flail!
* * * LOW HITPOINT WARNING * * *
Terence screams, "I'm going to kill you!"
Sigmund gestures wildly while chanting.
Sigmund flickers and vanishes!
Deactivating autopickup; reactivate with Ctrl-A.
The frilled lizard closely misses you.
An endoplasm comes into view.
The endoplasm quivers.
A puff of flame appears from out of thin air!
The puff of flame hits you!
You die...

..#......#..............# .....b.
###....###..............#...###P#
#................{@.....#...#.#.#
###.....##..............#...#.#.#
..####..................# P #.#P.
b## #.†.........#......# .#.P ##
#.......###.l......# #.#.. ###
#.......# #........# #.#..
#.####.......###@......... ..#P.
..................#...#.### .#.b
##.###..........J...###.#.P .#..
....##.......#.#...## # .#..
##..######...#...... .#.#
##..................# .##
..........##.........
####.................. P.
#.....########.


You could see an endoplasm and a frilled lizard.

Vanquished Creatures
  An adder (D:2)
  A worm (D:2)
  A dart slug (D:1)
  2 ball pythons
  4 bats
  3 endoplasms
  4 giant cockroaches
  4 hobgoblins
  6 kobolds
  2 quokkas
  3 frilled lizards (D:1)
  4 goblins (D:1)
  2 rats (D:1)
37 creatures vanquished.

Notes
Turn   | Place    | Note
-------+----------+-------------------------------------------
     0 | D:1      | tilp the Gnoll Hedge Wizard began the quest for the Orb.
     0 | D:1      | Reached XP level 1. HP: 13/13 MP: 8/8
     2 | D:1      | Learned a level 1 spell: Slow
   194 | D:1      | Reached XP level 2. HP: 11/19 MP: 6/10
   344 | D:1      | Learned a level 2 spell: Blink
   347 | D:1      | Learned a level 2 spell: Call Imp
   888 | D:1      | Reached XP level 3. HP: 25/25 MP: 9/11
  1358 | D:2      | Noticed Terence
  1557 | D:2      | Reached skill level 1 in Invocations
  1635 | D:2      | HP: 1/25 [poisoned by an adder]
  1999 | D:2      | Reached skill level 1 in Fighting
  1999 | D:2      | Reached skill level 1 in Short Blades
  1999 | D:2      | Reached skill level 1 in Long Blades
  1999 | D:2      | Reached skill level 1 in Axes
  1999 | D:2      | Reached skill level 1 in Maces & Flails
  1999 | D:2      | Reached skill level 1 in Polearms
  1999 | D:2      | Reached skill level 1 in Staves
  1999 | D:2      | Reached skill level 1 in Slings
  1999 | D:2      | Reached skill level 1 in Bows
  1999 | D:2      | Reached skill level 1 in Crossbows
  1999 | D:2      | Reached skill level 1 in Throwing
  1999 | D:2      | Reached skill level 1 in Armour
  1999 | D:2      | Reached skill level 1 in Shields
  1999 | D:2      | Reached skill level 1 in Unarmed Combat
  1999 | D:2      | Reached skill level 1 in Evocations
  2193 | D:2      | Noticed Sigmund
  2216 | D:2      | Killed from afar by Sigmund

Illustrated notes

Levels and vault maps discovered:
D:1:      nicolae_arrival_washed_ashore, layout_basic
D:2:      layout_rooms, serial_aquarium, aquarium_bridge_square
          [aquarium_subvault_balcony, aquarium_subvault_bridge,
          aquarium_subvault_bridge, aquarium_subvault_bridge],
          aquarium_bridge_long_joined [aquarium_subvault_bridge,
          aquarium_subvault_bridge, aquarium_subvault_window,
          aquarium_subvault_window, aquarium_subvault_window,
          aquarium_subvault_balcony], aquarium_window_fake,
          aquarium_window_fake, aquarium_window_1, aquarium_view_2b,
          aquarium_balcony_3b, uniq_terence, uniq_sigmund

Skill      XL: |  1  2  3 |
---------------+----------+-----
Conjurations   | 2 |  2.2
Summonings     | 2 |  2.2
Translocations | 2 |  2.2
Invocations    | 1 |  1.1
Fighting       | 1 |  1.0
Short Blades   | 1 |  1.0
Long Blades    | 1 |  1.0
Axes           | 1 |  1.0
Maces & Flails | 1 |  1.0
Polearms       | 1 |  1.0
Staves         | 1 |  1.0
Slings         | 1 |  1.0
Bows           | 1 |  1.0
Crossbows      | 1 |  1.0
Throwing       | 1 |  1.0
Armour         | 1 |  1.0
Shields        | 1 |  1.0
Unarmed Combat | 1 |  1.0
Evocations     | 1 |  1.0
Dodging        | |  4.6
Stealth        | |  4.2
Spellcasting   | |  7.2
Hexes          | |  0.7
Necromancy     | |  0.7
Transmutations | |  0.7
Fire Magic     | |  0.7
Ice Magic      | |  0.7
Air Magic      | |  0.7
Earth Magic    | |  0.7
Poison Magic   | |  0.7

Action                   || total
-------------------------++-------
Melee: Dagger            ||    42
       Bite              ||     7
       Spear             ||    43
 Cast: Magic Dart        ||    70
       Slow              ||     2
Armor: Ring mail         ||    47
Dodge: Dodged            ||    77

Table legend: (Time is in decaauts)
 A = Elapsed time spent in this place.
 B = Non-inter-level travel time spent in this place.
 C = Inter-level travel time spent in this place.
 D = Time resting spent in this place.
 E = Time spent auto-exploring this place.
 F = Levels seen in this place.
 G = Mean time per level.
                   A        B        C        D        E       F      G
               +--------+--------+--------+--------+--------+-----+--------+
         Total |   2218 |   2105 |    113 |    540 |   1164 |   2 | 1109.0 |
       Dungeon |   2218 |   2105 |    113 |    540 |   1164 |   2 | 1109.0 |
               +--------+--------+--------+--------+--------+-----+--------+

Top non-repeatable levels by time:
     D:1: 1411 daAuts
     D:2: 807 daAuts
